AoeStats
← hvelizrangel

Arabia

508998350Analyzed
1v1 RM · 9d ago on Sep 25, 2026· 39m 39s· 2 players
Game mode
Random Map
Map size
Tiny (2 player)
Population
200
Speed
Normal
Resources
Standard
Victory
Conquest
Starting age
Dark Age
Ending age
Imperial Age
RankedLock teamsTeams togetherTeam positionsShared explorationLock speedFull tech treeHidden civsTurbo modeCheats
Victory
Defeat
🇦🇷 Mongols · Argentina
943
+14
🇻🇪 Mongols · Venezuela
910
-39
hvelizrangel
3:55 Loom
11:26 Feudal Age
12:28 Double-Bit Axe
15:08 Wheelbarrow
15:42 Horse Collar
19:44 Bloodlines
25:00 Castle Age
23:54 Gold Mining
23:57 Stone Mining
32:01 Bow Saw
32:39 Padded Archer Armor
32:30 Fletching
33:09 Heavy Plow
33:11 Light Cavalry
35:56 Stone Shaft Mining
35:34 Husbandry
35:53 Nomads
37:12 Gold Shaft Mining
37:16 Murder Holes
37:44 Ballistics
fenic93
9:50 Feudal Age
9:36 Loom
11:13 Wheelbarrow
10:26 Double-Bit Axe
20:41 Castle Age
18:35 Horse Collar
19:05 Gold Mining
19:39 Forging
20:24 Bloodlines
20:12 Stone Mining
20:57 Scale Barding Armor
23:27 Hand Cart
28:30 Scale Mail Armor
28:21 Fletching
28:35 Heavy Plow
28:47 Bow Saw
28:49 Husbandry
29:37 Pikeman
34:07 Imperial Age
31:15 Elite Skirmisher
33:04 Light Cavalry
34:09 Hussar
36:30 Conscription
36:51 Chain Barding Armor
39:37 Ballistics
39:13 Murder Holes
39:29 Elite Mangudai
Connection lost

Rejoining the realm…

Still unreachable

The connection could not be restored.

Session expired

The server has moved on; the page needs a fresh start.